 Dungeon Crawl Stone Soup version 0.21.0-3-g78d12a8 (webtiles) character file.

263 Megalobster the Shield-Bearer (level 6, -4/38 HPs)
             Began as a Gargoyle Fighter on Jan 17, 2018.
             Was a Follower of the Shining One.
             Killed by divine providence
             ... invoked by an orc priest
              (16 damage)
             ... on level 3 of the Dungeon.
             The game lasted 00:05:39 (2293 turns).

Megalobster the Shield-Bearer (Gargoyle Fighter)    Turns: 2293, Time: 00:05:39

Health: -4/38      AC: 13    Str: 22    XL:     6   Next: 19%
Magic:  7/7        EV:  7    Int:  8    God:    the Shining One [*.....]
Gold:   88         SH:  9    Dex:  9    Spells: 5/5 levels left

rFire    . . .     SeeInvis .   r - -2 mace (curse)
rCold    . . .     Gourm    .   c - +0 shield
rNeg     + . .     Faith    .   b - +0 scale mail
rPois    ∞         Spirit   .   (no helmet)
rElec    +         Reflect  .   (no cloak)
rCorr    .         Harm     .   q - +1 pair of gloves
MR       .....                  (no boots)
Stlth    ..........             (no amulet)
HPRegen  0.12/turn              (no ring)
MPRegen  0.10/turn              (no ring)

@: glowing
A: negative energy resistance 1, electricity resistance, unbreathing,
petrification resistance, rot immunity, AC +4
a: Renounce Religion


You were on level 3 of the Dungeon.
You worshipped the Shining One.
The Shining One was aware of your devotion.
You were not hungry.

You visited 1 branch of the dungeon, and saw 3 of its levels.

You collected 88 gold pieces.

Inventory:

Hand Weapons
 a - a +0 flail
 k - a +4 mace
 r - a cursed -2 mace (weapon)
Armour
 b - a +0 scale mail (worn)
 c - a +0 shield (worn)
 g - a +0 cloak
 q - a +1 pair of gloves (worn)
Scrolls
 j - 2 scrolls of teleportation
 l - a scroll of fog
 n - a scroll of identify {@r1}
Potions
 d - a potion of might
 e - a potion of flight {unknown}
 h - a potion of magic {unknown}
 i - a potion of curing {unknown}
 p - a potion of haste {unknown}
Comestibles
 f - 7 rations
 m - 3 chunks of flesh


   Skills:
 + Level 4.1 Fighting
 * Level 3.9 Maces & Flails
 + Level 4.2 Armour
 + Level 4.2 Shields
 * Level 2.6 Invocations


You had 5 spell levels left.
You didn't know any spells.

Dungeon Overview and Level Annotations

Branches:
Dungeon (3/15)

Altars:
The Shining One


Innate Abilities, Weirdness & Mutations

You are resistant to torment.
Your stone body is resilient. (AC +4)
You are immune to poison.
You resist negative energy. (rN+)
You are resistant to electric shocks. (rElec)
You can survive without breathing.
You are immune to petrification.
You are immune to rotting.


Message History

The orc priest hits you with a flail.
You hit the orc priest but do no damage.
The orc priest is lightly wounded.
The orc priest hits you but does no damage.
You hit the orc priest.
The orc priest is moderately wounded.
The orc priest hits you with a flail.
You take 3 damage, and have 16/38 hp.
You hit the orc priest but do no damage.
The orc priest is moderately wounded.
The orc priest hits you with a flail.
You take 4 damage, and have 12/38 hp.
Your shield and scale mail prevent you from hitting the orc priest.
The orc priest is moderately wounded.
You block the orc priest's attack.
You thump the orc priest!
The orc priest is almost dead.
The orc priest calls down the wrath of Beogh upon you.
Beogh smites you!
You die...

#.# #.############
#.###.............
..##############. #.###
#. ########>..# #. #
#..........# #. .
#......)...############.
######
#......o................
......
.......@...#############
....# #..........# ....#
......[....# ....#
...........# ....#
...........# ....#
...........# ....#
...........# ....#
...........# ....#


You could see an orc priest.

Vanquished Creatures
  The ghost of Megalobster the Chopper, an amateur HuMo (D:3)
  An orc wizard (D:3)
  Crazy Yiuf (D:2)
  5 adders
  2 oozes
  2 worms
  2 dart slugs
  2 orcs (D:3)
  3 giant cockroaches
  9 goblins
  9 hobgoblins
  9 bats
  2 frilled lizards (D:1)
  7 kobolds
  9 rats
64 creatures vanquished.

Notes
Turn   | Place    | Note
-------+----------+-------------------------------------------
     0 | D:1      | Megalobster the Gargoyle Fighter began the quest for the Orb.
     0 | D:1      | Reached XP level 1. HP: 14/14 MP: 1/1
    66 | D:1      | Reached XP level 2. HP: 16/19 MP: 2/2
   276 | D:1      | Reached XP level 3. HP: 17/23 MP: 3/3
   852 | D:2      | Found a glowing golden altar of the Shining One.
   917 | D:2      | Became a worshipper of the Shining One
  1024 | D:2      | Reached XP level 4. HP: 28/29 MP: 4/4
  1228 | D:2      | Reached skill level 1 in Invocations
  1488 | D:2      | Found a runed door.
  1681 | D:2      | Noticed Crazy Yiuf
  1686 | D:2      | Killed Crazy Yiuf
  1793 | D:3      | Reached XP level 5. HP: 33/33 MP: 6/6
  1810 | D:3      | Noticed Megalobster's ghost (amateur HuMo)
  1824 | D:3      | Killed Megalobster's ghost
  2076 | D:3      | Reached XP level 6. HP: 35/38 MP: 7/7
  2267 | D:3      | Reached * piety under the Shining One
  2293 | D:3      | Killed from afar by an orc priest

Skill      XL: |  1  2  3  4  5 |
---------------+----------------+-----
Maces & Flails | 3 |  3.9
Invocations    | 1 2 |  2.6
Fighting       | 4 |  4.1
Armour         | 4 |  4.2
Shields        | 4 |  4.2

Action                   |  1- 3 |  4- 6 || total
-------------------------+-------+-------++-------
Melee: Flail             |    26 |       ||    26
       Mace              |    68 |   127 ||   195
  Use: Scroll            |       |     5 ||     5
  Eat: Chunk             |     1 |     1 ||     2
       Ration            |       |     1 ||     1
Armor: Scale mail        |    58 |    74 ||   132
Dodge: Dodged            |    37 |    49 ||    86
Block: Shield            |    61 |    89 ||   150
